Map: Prion Terraces

Players

xKawaiian - Winner!

  • Race: Terran Terran
  • League: Master

patnessdark

  • Race: Zerg Zerg
  • League: Master

VOD

Have the link to the VOD?

Description

Time

  • Played on: Jan. 10, 2016, 10:51 a.m.
  • Length: 11:27
Show
View Real Time Build Order
Export as new Build Order

xKawaiian Terran - Winner!

Build Orders: Reaper Expand, MMM Bio 

Get SALT Encoding   

  12  0:00  SCV  
  13  0:13  SCV  
  14  0:17  Supply Depot  
  14  0:25  SCV  
  15  0:39  SCV  
  15  0:42  Barracks  
  16  0:48  Refinery  
  16  0:51  SCV  
  17  1:03  SCV  
  18  1:15  SCV  
  19  1:31  Orbital Command  
  19  1:32  Reaper  
  19  1:43  Command Center  
  19  1:53  Supply Depot  
  19  1:57  SCV  
  20  2:04  Barracks Reactor  
  20  2:09  SCV  
  20  2:10  Barracks  
  21  2:20  Barracks  
  21  2:22  SCV  
  22  2:34  SCV  
  23  2:42  Reaper x2  
  23  2:43  Refinery  
  24  2:46  SCV  
  24  2:50  Supply Depot  
  25  2:58  SCV  
  25  2:59  Reaper  
  27  3:09  Reaper  
  27  3:10  SCV  
  28  3:22  SCV  
  28  3:23  Reaper  
  30  3:34  Reaper  
  30  3:35  SCV  
  32  3:44  Orbital Command  
  32  3:47  SCV, Barracks Tech Lab, Reaper  
  34  3:55  Supply Depot  
  34  3:59  SCV  
  35  4:03  Reaper  
  37  4:11  SCV  
  37  4:16  SCV  
  39  4:26  SCV  
  39  4:29  SCV  
  41  4:37  Command Center  
  41  4:38  SCV, Marine x3  
  38  4:41  SCV  
  43  4:47  Supply Depot, Marine  
  43  4:48  Bunker  
  43  4:50  SCV  
  45  4:53  SCV  
  45  4:54  Factory  
  45  4:56  Stimpack, Marine  
  45  4:57  Marine x2  
  49  5:02  SCV  
  49  5:05  SCV  
  51  5:14  SCV, Refinery  
  51  5:15  Marine x2  
  51  5:16  Refinery  
  54  5:23  Marine x2  
  56  5:33  Marine x2  
  56  5:39  Factory Reactor, Barracks x2  
  56  5:40  Marine  
  56  5:41  Marine  
  56  5:42  Starport  
  58  5:43  SCV  
  58  5:45  SCV, Armory  
  60  5:54  Marine  
  60  5:55  SCV  
  62  5:57  SCV  
  62  5:58  Marine  
  62  5:59  Marauder  
  65  6:08  Orbital Command  
  65  6:09  SCV  
  66  6:11  Barracks Tech Lab  
  66  6:12  Marine  
  66  6:13  SCV  
  68  6:20  Marauder  
  68  6:22  SCV  
  68  6:24  Marine  
  68  6:25  Orbital Command, Factory Reactor, Medivac x2  
  74  6:28  SCV  
  74  6:29  Barracks Tech Lab x2  
  77  6:36  Combat Shields, Marauder, Marine  
  80  6:40  Terran Vehicle And Ship Armor Level 1  
  80  6:42  Marauder  
  80  6:46  Marine  
  83  6:53  SCV, Marine  
  85  6:58  Supply Depot x2  
  85  7:03  Orbital Command  
  85  7:07  Marine, Marauder  
  84  7:08  SCV  
  84  7:09  SCV  
  84  7:11  Marauder x2  
  84  7:14  Marauder, Marine  
  85  7:19  Medivac x2  
  85  7:20  SCV  
  85  7:21  SCV, Concussive Shells  
  91  7:32  SCV x2, Engineering Bay  
  91  7:33  SCV, Engineering Bay  
  91  7:36  Marauder  
  96  7:39  Marine  
  96  7:40  Marine, Marauder  
  96  7:44  SCV  
  101  7:45  SCV  
  92  7:54  Marauder, Marine  
  92  7:56  SCV x2  
  97  8:01  Terran Infantry Weapons Level 1, Terran Infantry Armor Level 1  
  97  8:02  Supply Depot  
  97  8:03  Supply Depot, Barracks  
  97  8:05  Supply Depot  
  97  8:06  Barracks  
  97  8:07  Marine x2  
  97  8:10  Marine x2  
  101  8:13  Marine  
  101  8:17  Marine  
  97  8:20  Supply Depot  
  97  8:22  Supply Depot  
  97  8:24  Marine  
  88  8:28  Marauder  
  88  8:30  Marine  
  88  8:31  Marine  
  88  8:32  Marauder  
  78  8:35  SCV  
  78  8:38  Marine  
  78  8:40  Orbital Command  
  76  8:42  Marine  
  64  8:48  Medivac x2  
  62  9:00  SCV  
  60  9:07  SCV x2, Marine  
  63  9:12  SCV  
  63  9:14  Marine  
  65  9:22  Marine x2  
  69  9:25  Supply Depot  
  69  9:26  SCV  
  69  9:27  SCV  
  69  9:28  SCV  
  69  9:31  Barracks Reactor x2  
  70  9:38  SCV  
  71  9:39  SCV, Marine x2  
  71  9:40  SCV  
  71  9:42  Marine x3  
  71  9:44  Medivac x2  
  71  9:45  Widow Mine  
  84  9:47  Widow Mine  
  84  9:49  Marine  
  84  9:50  SCV  
  84  9:52  SCV  
  89  9:53  Supply Depot  
  86  10:00  Marine, Missile Turret, Marauder  
  86  10:01  Marine x2  
  89  10:13  Missile Turret  
  82  10:15  Widow Mine x2  
  82  10:16  Marine x4  
  82  10:18  SCV x2  
  92  10:26  Marine x3  
  92  10:27  Marine x2  
  96  10:33  SCV x3  
  99  10:39  Marine  
  99  10:40  Marine x3  
  97  10:43  Medivac  
  97  10:45  SCV  
  97  10:49  Marine x3  
  99  10:54  SCV  
  99  10:55  SCV  
  101  11:08  Marine x2  
Show
View Real Time Build Order
Export as new Build Order

patnessdark Zerg 

Build Orders: Pool First 

Get SALT Encoding   

  12  0:01  Drone  
  13  0:12  Overlord  
  13  0:17  Drone  
  14  0:23  Extractor  
  14  0:24  Drone  
  15  0:30  Drone  
  16  0:42  Spawning Pool  
  16  0:45  Drone  
  16  0:48  Extractor  
  15  0:51  Drone  
  16  0:58  Drone  
  17  1:23  Hatchery, Drone  
  17  1:30  Zergling x2  
  17  1:32  Zergling x2  
  18  1:44  Queen  
  20  1:51  Drone  
  21  1:57  Metabolic Boost  
  21  2:04  Overlord  
  21  2:08  Drone  
  22  2:17  Zergling x2, Extractor  
  23  2:23  Queen  
  23  2:28  Drone  
  26  2:35  Drone  
  26  2:36  Drone  
  29  2:44  Drone  
  29  2:47  Queen  
  29  2:48  Drone  
  32  2:54  Drone  
  32  2:55  Drone x2  
  32  2:58  Drone  
  35  3:16  Zergling x2  
  35  3:18  Overlord  
  35  3:22  Zergling x2  
  35  3:25  Overlord  
  36  3:35  Overlord  
  36  3:38  Hatchery  
  35  3:41  Zergling x4  
  35  3:42  Zergling x2  
  38  3:49  Drone x2  
  38  3:50  Drone  
  41  3:59  Zergling x8  
  42  4:13  Zergling x2  
  42  4:14  Zergling x4  
  42  4:15  Queen  
  42  4:30  Drone x3  
  45  4:33  Extractor  
  45  4:36  Drone  
  45  4:38  Extractor x2  
  43  4:40  Roach Warren  
  43  4:41  Drone  
  43  4:46  Zergling x2  
  44  4:53  Spine Crawler  
  44  4:58  Queen  
  45  5:00  Drone x6  
  45  5:05  Zergling x2  
  52  5:14  Overlord x2  
  52  5:16  Lair  
  53  5:21  Spine Crawler  
  53  5:23  Roach x3  
  56  5:29  Overlord x2  
  54  5:38  Roach x3  
  60  5:45  Roach x2  
  60  5:46  Drone x6  
  70  6:03  Drone x6  
  73  6:08  Spore Crawler  
  73  6:10  Roach x2  
  73  6:11  Roach x3  
  82  6:16  Spore Crawler, Glial Reconstitution  
  81  6:19  Overlord  
  81  6:20  Drone  
  81  6:21  Extractor x2  
  80  6:27  Overlord  
  80  6:30  Ravager x3  
  80  6:32  Drone x6  
  89  6:42  Overseer  
  89  6:47  Hatchery  
  88  6:52  Roach x3  
  88  6:53  Roach x3  
  95  7:06  Roach  
  95  7:07  Roach x5  
  99  7:13  Zergling x8  
  89  7:21  Zergling x2  
  89  7:22  Zergling x2  
  85  7:26  Spire, Roach  
  86  7:35  Zergling x2  
  86  7:36  Zergling x4  
  89  7:41  Evolution Chamber  
  89  7:42  Evolution Chamber, Roach  
  89  7:43  Roach  
  90  7:50  Zergling x18  
  88  7:52  Queen  
  88  7:56  Drone x3  
  93  8:02  Zergling x2  
  94  8:08  Zerg Ground Armor Level 1  
  94  8:09  Zerg Melee Weapons Level 1  
  94  8:11  Queen  
  96  8:19  Zergling x4  
  95  8:26  Zergling x2  
  88  8:27  Zergling x16  
  93  8:40  Zergling x10  
  79  8:58  Mutalisk  
  79  8:59  Mutalisk x5  
  79  9:00  Mutalisk  
  87  9:05  Baneling Nest  
  86  9:12  Zerg Flyer Weapons Level 1  
  86  9:13  Mutalisk  
  88  9:22  Mutalisk  
  90  9:24  Overlord  
  90  9:34  Hatchery  
  89  9:39  Overlord x2  
  89  9:50  Zergling x2  
  89  9:51  Zergling x16  
  98  9:53  Baneling x3  
  97  10:08  Mutalisk x5  
  102  10:15  Drone x5  
  106  10:33  Mutalisk x3  
  112  10:49  Extractor x2  
  110  10:55  Baneling x4  
  110  10:56  Zergling x12  
  110  10:57  Zergling x10  
  119  11:04  Overlord x2  
Tags
 
Add a new tag
Caveats
  • Supply blocks, unpowered buildings, or Contaminate may cause inaccurate times.
  • Supply counts are checked every 10 seconds.